 Dungeon Crawl Stone Soup version 0.31-a0-1591-g515db51633 (webtiles) character file.

Game seed: 5117970344377413436

18883 MisterFreud the Mimic (level 12, -3/101 HPs)
             Began as a Purple Draconian Shapeshifter on Jan 6, 2024.
             Was a High Priest of Trog.
             Slain by a skeletal warrior
             ... wielding a +0 glaive
              (22 damage)
             ... on level 11 of the Dungeon.
             The game lasted 00:16:30 (13379 turns).

MisterFreud the Mimic (DrSh)                       Turns: 13379, Time: 00:16:31

Health: -3/101     AC: 12    Str: 16    XL:     12   Next: 31%
Magic:  12/12      EV: 19    Int: 11    God:    Trog [*****.]
Gold:   475        SH:  0    Dex: 16    Spells: 11/11 levels left

rFire   . .          .
                       - Unarmed
rCold   . . .        (shield currently unavailable)
rNeg    . . .        (body armour unavailable)
rPois   .            (helmet restricted)
rElec   .            (no cloak)
rCorr   .            (no gloves)
SInv    .            (no boots)
Will    +....        (no amulet)
Stlth   +            r - +4 ring of protection
HPRegen 0.36/turn    (no ring)
MPRegen 0.13/turn

%: no passive effects
@: flux-form, glowing
A: glow, contaminating, breathe power, AC +8, unfitting armour, cold-blooded
a: Breathe Dispelling Energy, Begin Untransformation, Renounce Religion,
Berserk, Trog's Hand, Brothers in Arms


You were on level 11 of the Dungeon.
You worshipped Trog.
Trog was extremely pleased with you.
You were something dangerously unstable.
You visited 1 branch of the dungeon, and saw 11 of its levels.

You collected 643 gold pieces.
You spent 168 gold pieces at shops.

Inventory:

Hand Weapons
 l - the +10 great sword of Ashenzari's Esteem {venom, Str+5}
   (You found it on level 4 of the Dungeon)

   Str+5:     It affects your strength (+5).
Missiles
 D - 2 throwing nets
Armour
 w - a +2 buckler of cold resistance
 F - a +2 pair of boots
Jewellery
 r - a +4 ring of protection (left hand)
 G - a +6 ring of dexterity
 H - a ring of protection from cold
Talismans
 b - a beast talisman
 c - a flux talisman (active)
 y - a dragon-blood talisman
Wands
 o - a wand of polymorph (7)
 q - a wand of flame (27)
 t - a wand of light (17)
 v - a wand of charming (9)
 E - a wand of iceblast (9)
Scrolls
 d - 4 scrolls of teleportation
 f - 3 scrolls of noise
 k - 4 scrolls of blinking
 n - 2 scrolls of enchant armour
 p - 3 scrolls of immolation
 s - a scroll of brand weapon
 u - a scroll of fog
 I - a scroll of vulnerability
Potions
 a - 3 potions of lignification
 e - 5 potions of heal wounds
 g - a potion of haste
 h - 2 potions of might
 i - 2 potions of curing
 j - 3 potions of berserk rage
 m - a potion of brilliance
 x - a potion of attraction
 z - 2 potions of mutation
 A - a potion of ambrosia {unknown}
 B - a potion of magic {unknown}
 C - 2 potions of resistance


   Skills:
 - Level 8.0 Fighting
 - Level 6.0 Dodging
 - Level 10.0 Unarmed Combat
 - Level 5.0 Evocations
 * Level 13.9 Shapeshifting


You had 11 spell levels left.
You didn't know any spells.
Your spell library was empty.

Dungeon Overview and Level Annotations

Branches:
Dungeon (11/15)            Temple (0/1) D:7            Lair (0/5) D:11
    Orc: D:9-12

Altars:
Cheibriados
Elyvilon
Gozag
Trog
Vehumet
Yredelemnul

Shops:
D:4 [   D:5 (   D:8 ?(:

Annotations:
D:8 2 transporters
D:10 2 transporters, Sapher's ghost, novice SpDe


Innate Abilities, Weirdness & Mutations

You are something dangerously unstable.
You glow with magical radiation, making you easy to see and hit.
Foes you strike become dangerously contaminated with magical radiation.
You are incapable of wielding weapons or throwing items.
You can breathe bolts of dispelling energy.
Your rich purple scales are hard. (AC +8)
You cannot fit into any form of body armour.
You are cold-blooded and may be slowed by cold attacks.


Message History

You feel yourself speed up.
You start resting.
You recover from your berserk rage.
You start resting.
A skeletal warrior is nearby!
The skeletal warrior completely misses you.
You hit the skeletal warrior.
The skeletal warrior begins to glow.
The skeletal warrior is lightly damaged.
The skeletal warrior hits you with a +0 glaive!!
You hit the skeletal warrior but do no damage.
The skeletal warrior glows dangerously bright.
The skeletal warrior is lightly damaged.
The skeletal warrior hits you with a +0 glaive!!
You hit the skeletal warrior.
The skeletal warrior shudders as magic cascades through it!
Your tail-slap misses the skeletal warrior.
The skeletal warrior is moderately damaged.
The skeletal warrior completely misses you.
You barely miss the skeletal warrior.
The skeletal warrior is moderately damaged.
You hit the skeletal warrior but do no damage.
The skeletal warrior begins to glow.
You tail-slap the skeletal warrior, but do no damage.
The skeletal warrior is moderately damaged.
The skeletal warrior hits you with a +0 glaive!
You hit the skeletal warrior but do no damage.
The skeletal warrior glows dangerously bright.
You tail-slap the skeletal warrior, but do no damage.
The skeletal warrior is moderately damaged.
The skeletal warrior misses you.
You hit the skeletal warrior but do no damage.
The skeletal warrior shudders as magic cascades through it!!
The skeletal warrior is severely damaged.
The skeletal warrior hits you with a +0 glaive!!
* * * LOW HITPOINT WARNING * * *
You hit the skeletal warrior but do no damage.
The skeletal warrior begins to glow.
The skeletal warrior is severely damaged.
The skeletal warrior hits you with a +0 glaive!!
You die...

#...[.######### #####.# ##.... #
##.###...... # ##.).#......P ####
# #............ ####.P#
###...#........ ###.....#
#.....#).....P.###.......####
..#####......###.........#.P####
.PPP.P......##..p###.....'...#P##
.PP.......###..z.#.#.#'#.#...#...
.........##......#'#.#.#.#...#...
........##....).....)###.#...#...
.......##..###...........#.......
.......#...#.#.#'#.....#####.....
......##...#'#.#.#...###$)$###P##
.....##........###..##.[...$$###.
.....#P............##........:##.


You could see a skeletal warrior (contam).

Vanquished Creatures
  Harold (D:9)
  A catoblepas (D:9)
  Erica (D:10)
  2 two-headed ogres (D:11)
  Nergalle (D:10)
  5 centaur zombies (D:11)
  An unseen horror (D:11)
  A kobold demonologist (D:10)
  2 rime drakes (D:11)
  3 trolls
  Grinder (D:4)
  4 hornets
  4 meliai zombies (D:11)
  A wyvern (D:7)
  7 wraiths (D:11)
  6 vampires
  14 yaks
  A shadow (D:11)
  Menkaure (D:7)
  A water moccasin (D:8)
  3 orc warriors
  3 black bears
  6 ice beasts
  3 sky beasts
  6 centaurs
  4 ogres
  7 phantoms
  4 kobold brigands
  2 bullfrogs
  3 scorpions
  9 wights
  19 killer bees
  A howler monkey (D:8)
  4 electric eels (D:8)
  5 bombardier beetles
  6 orc priests
  3 hounds
  2 jellies
  A sleepcap (D:7)
  2 iguanas
  Natasha (thrice) (D:3)
  12 orc wizards
  6 gnolls
  3 adders
  A shadow imp (D:5)
  A white imp (D:8)
  4 ufetubi
  3 dart slugs
  5 ribbon worms
  26 orcs
  11 ball pythons
  12 endoplasms
  A giant cockroach (D:1)
  8 goblins
  6 hobgoblins
  4 jackals
  3 quokkas
  4 bats
  A frilled lizard (D:2)
  26 kobolds
  7 rats
298 creatures vanquished.

Vanquished Creatures (others)
  A quokka (D:3)
1 creature vanquished.

Grand Total: 299 creatures vanquished

Notes
Turn   | Place    | Note
-------+----------+-------------------------------------------
     0 | D:1      | MisterFreud the Draconian Shapeshifter began the quest for
                  | the Orb.
     0 | D:1      | Reached XP level 1. HP: 16/16 MP: 1/1
   141 | D:1      | Reached XP level 2. HP: 23/23 MP: 2/2
   585 | D:1      | Reached XP level 3. HP: 29/29 MP: 3/3
   770 | D:2      | Found a faded altar of an unknown god.
   778 | D:2      | Prayed at the altar of an unknown god.
   778 | D:2      | Became a worshipper of Trog the Wrathful
   778 | D:2      | Reached * piety under Trog
  1439 | D:2      | Reached XP level 4. HP: 36/36 MP: 4/4
  1516 | D:2      | Identified the +1 leather armour of the Furrier {Str+5
                  | Stlth+}
  1765 | D:3      | Found a white marble altar of Elyvilon.
  1964 | D:3      | Noticed Natasha
  1971 | D:3      | Killed Natasha
  1972 | D:3      | Reached XP level 5. HP: 42/42 MP: 5/5
  2017 | D:3      | Found a basalt altar of Yredelemnul.
  2017 | D:3      | Found a bloodstained altar of Trog.
  2019 | D:3      | Found an opulent altar of Gozag.
  2019 | D:3      | Found a radiant altar of Vehumet.
  2029 | D:3      | Reached ** piety under Trog
  2494 | D:3      | Noticed Natasha
  2501 | D:3      | Killed Natasha
  2502 | D:3      | Reached skill level 5 in Unarmed Combat
  2552 | D:3      | Noticed Natasha
  2557 | D:3      | Killed Natasha
  2558 | D:3      | Reached skill level 4 in Shapeshifting
  2669 | D:3      | Reached XP level 6. HP: 36/51 MP: 6/6
  3080 | D:4      | Noticed Grinder
  3092 | D:4      | Killed Grinder
  3093 | D:4      | Reached skill level 5 in Shapeshifting
  3093 | D:4      | Your scales start taking on a rich purple colour.
  3093 | D:4      | Reached XP level 7. HP: 59/59 MP: 7/7
  3137 | D:4      | Found Beowulf's Dragon-Slaying Spoils.
  3369 | D:4      | Reached skill level 6 in Shapeshifting
  3376 | D:4      | Found a snail-covered altar of Cheibriados.
  3530 | D:4      | Identified the +10 great sword of Ashenzari's Esteem
                  | {venom, Str+5}
  3923 | D:5      | Entered Level 5 of the Dungeon
  4265 | D:5      | Reached skill level 7 in Shapeshifting
  4265 | D:5      | Reached XP level 8. HP: 57/66 MP: 8/8
  4502 | D:5      | Found Funleem's Antique Weapon Shoppe.
  4954 | D:6      | Reached *** piety under Trog
  4955 | D:6      | Reached skill level 5 in Dodging
  5385 | D:6      | Reached XP level 9. HP: 68/72 MP: 9/9
  5739 | D:6      | Reached skill level 5 in Fighting
  6135 | D:7      | Noticed Menkaure
  6145 | D:7      | Killed Menkaure
  6218 | D:7      | Paralysed by a hornet for 2 turns
  6675 | D:7      | Found a staircase to the Ecumenical Temple.
  7037 | D:7      | Reached XP level 10. HP: 86/86 MP: 10/10
  7193 | D:8      | Reached **** piety under Trog
  7342 | D:8      | Found a transporter.
  7349 | D:8      | Found a transporter.
  7395 | D:8      | Reached skill level 10 in Unarmed Combat
  7622 | D:8      | Found Imeyxo's Magic Scroll Boutique.
  7626 | D:8      | Found Joedaily's Antique Weapon Shoppe.
  7626 | D:8      | Found Yroapasei's Book Boutique.
  7643 | D:8      | Reached skill level 1 in Evocations
  8057 | D:8      | Bought a scroll of teleportation for 48 gold pieces
  8057 | D:8      | Bought a scroll of blinking for 120 gold pieces
  8980 | D:9      | Noticed Harold
  8993 | D:9      | Killed Harold
  8994 | D:9      | Reached skill level 8 in Shapeshifting
  9288 | D:9      | Noticed a catoblepas
  9304 | D:9      | Killed a catoblepas
  9455 | D:9      | You fall into a shaft and drop 1 floor!
  9455 | D:10     | Entered Level 10 of the Dungeon
  9656 | D:10     | Noticed a gargoyle
  9664 | D:10     | Noticed a two-headed ogre
  9665 | D:10     | Noticed Sapher's ghost (novice SpDe)
  9666 | D:10     | Found a transporter.
  9771 | D:10     | Reached skill level 5 in Evocations
  9775 | D:10     | Found a transporter.
  9775 | D:10     | Noticed a white ugly thing
  9778 | D:10     | Noticed Erica
 10187 | D:10     | Reached skill level 9 in Shapeshifting
 10194 | D:10     | Reached XP level 11. HP: 93/94 MP: 11/11
 10351 | D:10     | Killed Erica
 10664 | D:10     | Noticed a soul eater
 10783 | D:10     | Noticed Nergalle
 10800 | D:10     | Killed Nergalle
 10801 | D:10     | Reached skill level 10 in Shapeshifting
 10936 | D:11     | Found a staircase to the Lair.
 10956 | D:11     | Noticed a two-headed ogre
 10968 | D:11     | Killed a two-headed ogre
 11357 | D:11     | Reached skill level 11 in Shapeshifting
 11389 | D:11     | Paralysed by a hornet for 1 turns
 11583 | D:11     | Noticed a two-headed ogre
 11595 | D:11     | Killed a two-headed ogre
 11929 | D:11     | Reached skill level 12 in Shapeshifting
 12613 | D:11     | Reached XP level 12. HP: 93/101 MP: 12/12
 12651 | D:11     | Reached skill level 13 in Shapeshifting
 12744 | D:11     | Reached ***** piety under Trog
 13200 | D:11     | Identified the +0 helmet of Kindness {rN+ Stlth+}
 13379 | D:11     | Slain by a skeletal warrior

Illustrated notes

Levels and vault maps discovered:
D:1:      eino_arrival_cavern_e, layout_loops_ring
D:2:      layout_basic, hellmonk_ecumenical_altar_slurped_away,
          cheibrodos_gnoll_hut
D:3:      layout_basic, chequers_temple_overflow_statue_of_worship,
          elyvilon_altar_4, uniq_natasha
D:4:      layout_loops_ring, mainiacjoe_overflow_catwalk,
          nicolae_shop_dragon_depot, uniq_grinder
D:5:      layout_basic, serial_shops, nicolae_shop_behind_doors
D:6:      layout_loops_cross, kennysheep_generic_room_10
D:7:      layout_cave_pools, minmay_temple_entry_grid, serial_park,
          serial_park_tiny_pond, serial_park_avenue1, serial_park_square2,
          uniq_menkaure
D:8:      gammafunk_steamed_eel, layout_cave_pools, serial_bayou,
          serial_bayou_pond_b, serial_bayou_pond_a, serial_bayou_lagoon_b,
          serial_bayou_lagoon_a, nicolae_wooded_promenade,
          chequers_serial_rivers_large_b, st_stairs_11
D:9:      layout_roguey, uniq_harold
D:10:     layout_basic, enter_bailey_7, gammafunk_ghost_arena, uniq_nergalle,
          uniq_erica
D:11:     bobbens_index_wilting_gardens, layout_basic, lair_entry_dummy,
          portal_ice_cave_rime

Skill      XL: |  1  2  3  4  5  6  7  8  9 10 11 12 |
---------------+-------------------------------------+-----
Fighting       | 2 3 4 7 8 |  8.0
Unarmed Combat | 4 5 6 9 10 | 10.0
Shapeshifting  | 4 5 7 9 12 13 | 13.9
Dodging        | 2 6 |  6.0
Evocations     | 5 |  5.0

Action                     |  1- 3 |  4- 6 |  7- 9 | 10-12 || total
---------------------------+-------+-------+-------+-------++-------
  Melee: Unarmed           |   103 |   110 |   323 |   671 ||  1207
         Tailslap          |     9 |    13 |    52 |   137 ||   211
         Punch             |     1 |     3 |     2 |       ||     6
 Invoke: Berserk           |       |     2 |       |     4 ||     6
         Trog's Hand       |       |       |       |     1 ||     1
  Evoke: Wand              |       |       |     1 |     5 ||     6
    Use: Scroll            |     4 |     4 |     7 |    11 ||    26
         Potion            |       |       |     1 |     2 ||     3
   Stab: Sleeping          |     1 |       |     1 |       ||     2
 Armour: Skin              |    40 |    49 |   137 |   389 ||   615
  Dodge: Dodged            |    50 |    51 |   261 |   705 ||  1067
   Form: Flux              |       |       |     2 |       ||     2
         Beast             |       |       |     1 |       ||     1

Table legend: (Time is in decaauts)
 A = Elapsed time spent in this place.
 B = Non-inter-level travel time spent in this place.
 C = Inter-level travel time spent in this place.
 D = Time resting spent in this place.
 E = Time spent auto-exploring this place.
 F = Levels seen in this place.
 G = Mean time per level.
                   A        B        C        D        E       F      G
               +--------+--------+--------+--------+--------+-----+--------+
         Total |  13338 |  12907 |    431 |   2905 |   7665 |  11 | 1212.5 |
       Dungeon |  13338 |  12907 |    431 |   2905 |   7665 |  11 | 1212.5 |
               +--------+--------+--------+--------+--------+-----+--------+

Top non-repeatable levels by time:
    D:11: 2226 daAuts
     D:9: 1372 daAuts
     D:3: 1309 daAuts
     D:8: 1298 daAuts
    D:10: 1272 daAuts
     D:6: 1195 daAuts
     D:7: 1057 daAuts
     D:5: 997 daAuts
     D:4: 977 daAuts
     D:2: 898 daAuts
     D:1: 732 daAuts
